 Dungeon Crawl Stone Soup version 0.26-a0-834-g69557b85cc (webtiles) character file.

Game seed: 5541803349759994081

110 kreisler the Vexing (level 4, -2/34 HPs)
             Began as a Gnoll Arcane Marksman on Nov 16, 2020.
             Slain by a shadow imp (6 damage)
             ... summoned by Eustachio
             ... on level 4 of the Dungeon.
             The game lasted 00:29:45 (3263 turns).

kreisler the Vexing (Gnoll Arcane Marksman)         Turns: 3263, Time: 00:29:47

Health: -2/34      AC:  3    Str: 13    XL:     4   Next: 91%
Magic:  8/8        EV: 15    Int: 16    God:
Gold:   221        SH:  0    Dex: 15    Spells: 8/9 levels left

rFire    . . .     SeeInvis .   i - +0 dagger
rCold    . . .     Faith    .   (no shield)
rNeg     . . .     Spirit   .   e - +0 robe
rPois    .         Reflect  .   (no helmet)
rElec    .         Harm     .   (no cloak)
rCorr    .         Rampage  .   h - +0 pair of gloves
MR       .....                  (no boots)
Stlth    ++........             (no amulet)
HPRegen  0.11/turn              (no ring)
MPRegen  0.11/turn              (no ring)

@: no status effects
A: distributed training, fangs 1, strong nose
a: no special abilities


You were on level 4 of the Dungeon.
You visited 1 branch of the dungeon, and saw 4 of its levels.

You collected 221 gold pieces.

Inventory:

Hand Weapons
 a - a +0 shortbow
 i - a +0 dagger (weapon)
Armour
 e - a +0 robe (worn)
 h - a +0 pair of gloves (worn)
 t - a +2 pair of gloves
Scrolls
 b - 4 scrolls of identify
 c - 2 scrolls of enchant armour {unknown}
 f - 2 scrolls of amnesia
 g - a scroll of teleportation
 k - 2 scrolls of fear
Potions
 j - a potion of resistance
 m - a potion of heal wounds {unknown}
 n - a potion of magic


   Skills:
 + Level 2.8 Fighting
 + Level 1.2 Short Blades
 + Level 1.2 Long Blades
 + Level 1.2 Axes
 + Level 1.2 Maces & Flails
 + Level 1.2 Polearms
 + Level 1.2 Staves
 + Level 1.2 Slings
 + Level 4.7 Bows
 + Level 1.2 Crossbows
 + Level 1.2 Throwing
 + Level 1.2 Armour
 + Level 4.7 Dodging
 + Level 1.2 Stealth
 + Level 1.2 Shields
 + Level 1.2 Unarmed Combat
 + Level 3.0 Spellcasting
 + Level 1.0 Conjurations
 + Level 5.5 Hexes
 + Level 1.0 Summonings
 + Level 1.0 Necromancy
 + Level 1.0 Translocations
 + Level 1.0 Transmutations
 + Level 1.0 Fire Magic
 + Level 1.0 Ice Magic
 + Level 1.0 Air Magic
 + Level 1.0 Earth Magic
 + Level 1.0 Poison Magic
 + Level 1.4 Invocations
 + Level 1.2 Evocations


You had 8 spell levels left.
You knew the following spells:

 Your Spells              Type           Power        Failure   Level
a - Corona                Hex            ###....      1%          1

Your spell library contained the following spells:

 Spells                   Type           Power        Failure   Level
 Slow                     Hex            ###.....     3%          2
 Inner Flame              Hex/Fire       ##......     14%         3
 Portal Projectile        Hex/Tloc       ##....       14%         3
 Cause Fear               Hex            ###.......   19%         4
 Leda's Liquefaction      Hex/Erth       ##........   43%         4


Dungeon Overview and Level Annotations

Branches:
Dungeon (4/15)
 Temple: D:4-7

Altars:
Ru
Trog
Vehumet

Annotations:
D:4 Eustachio


Innate Abilities, Weirdness & Mutations

Your experience applies equally to all skills.
You have very sharp teeth.
Your uncanny sense of smell can sniff out nearby items.


Message History

Eustachio blinks!
The shadow imp hits you but does no damage.
The bat hits you but does no damage. The quokka barely misses you.
The ufetubus hits you.
* * * LOW HITPOINT WARNING * * *
The ufetubus closely misses you.
You closely miss the ufetubus. The bat closely misses you.
The quokka closely misses you. The ufetubus misses you. x2
Eustachio twirls his moustache.
Eustachio gestures wildly while chanting.
Eustachio blinks!
The shadow imp gestures at you.
You barely resist. You closely miss the quokka. The ufetubus hits you.
* * * LOW HITPOINT WARNING * * *
The ufetubus hits you.
* * * LOW HITPOINT WARNING * * *
The quokka closely misses you. The rat bites you but does no damage.
The shadow imp hits you.
You die...

##†>........
##.......####
##.....##.#
###..#.#.##.## ####
#...........§# . ....
###...#...#..####....
....
##.###[###r@)§((..(
>... ∆
#..#...#r5#######.
.... #...._..b@# ....
#..#.(.#5r# ..##
#.###.###.# .# ...
#... ..# #.. .....
..# #. ....###.# .###
#.# .# #..


You could see Eustachio, a river rat (summoned), a shadow imp (summoned), an
ufetubus (summoned, corona), a quokka (summoned), a bat (summoned) and a rat
(summoned).

Vanquished Creatures
  An orc wizard (D:4)
  3 adders (D:4)
  An ooze (D:4)
  A dart slug (D:3)
  A leopard gecko (D:4)
  4 orcs (D:4)
  3 bats
  6 giant cockroaches
  10 goblins
  2 hobgoblins
  3 jackals (D:3)
  2 quokkas (D:4)
  2 frilled lizards
  3 kobolds
  4 rats
46 creatures vanquished.

Notes
Turn   | Place    | Note
-------+----------+-------------------------------------------
     0 | D:1      | kreisler the Gnoll Arcane Marksman began the quest for the
                  | Orb.
     0 | D:1      | Reached XP level 1. HP: 17/17 MP: 4/4
   208 | D:1      | Reached XP level 2. HP: 19/23 MP: 3/5
   375 | D:1      | You fall into a shaft and drop 1 floor!
  1270 | D:2      | Reached XP level 3. HP: 28/28 MP: 4/7
  1614 | D:2      | Learned a level 3 spell: Portal Projectile
  1618 | D:2      | Learned a level 3 spell: Inner Flame
  2243 | D:3      | Found a bloodstained altar of Trog.
  2367 | D:3      | Reached skill level 1 in Invocations
  2496 | D:3      | Found a sacrificial altar of Ru.
  2819 | D:4      | Reached skill level 1 in Short Blades
  2819 | D:4      | Reached skill level 1 in Long Blades
  2819 | D:4      | Reached skill level 1 in Axes
  2819 | D:4      | Reached skill level 1 in Maces & Flails
  2819 | D:4      | Reached skill level 1 in Polearms
  2819 | D:4      | Reached skill level 1 in Staves
  2819 | D:4      | Reached skill level 1 in Slings
  2819 | D:4      | Reached skill level 1 in Crossbows
  2819 | D:4      | Reached skill level 1 in Throwing
  2819 | D:4      | Reached skill level 1 in Armour
  2819 | D:4      | Reached skill level 1 in Stealth
  2819 | D:4      | Reached skill level 1 in Shields
  2819 | D:4      | Reached skill level 1 in Unarmed Combat
  2819 | D:4      | Reached skill level 1 in Evocations
  2819 | D:4      | Reached XP level 4. HP: 34/34 MP: 3/8
  3185 | D:4      | Found a radiant altar of Vehumet.
  3210 | D:4      | Noticed Eustachio
  3226 | D:4      | Reached skill level 1 in Conjurations
  3226 | D:4      | Reached skill level 1 in Summonings
  3226 | D:4      | Reached skill level 1 in Necromancy
  3226 | D:4      | Reached skill level 1 in Translocations
  3226 | D:4      | Reached skill level 1 in Transmutations
  3226 | D:4      | Reached skill level 1 in Fire Magic
  3226 | D:4      | Reached skill level 1 in Ice Magic
  3226 | D:4      | Reached skill level 1 in Air Magic
  3226 | D:4      | Reached skill level 1 in Earth Magic
  3226 | D:4      | Reached skill level 1 in Poison Magic
  3263 | D:4      | Slain by a shadow imp

Illustrated notes

Levels and vault maps discovered:
D:1:      dpeg_arrival_prison, layout_basic
D:2:      layout_basic, hangedman_decor_points
D:3:      layout_basic, lightli_temple_of_fire, nicolae_ru_awakened_eye
D:4:      layout_layer_cave, vehumet_crystals, grunt_gozag_breadcrumbs,
          uniq_eustachio

Skill      XL: |  1  2  3  4 |
---------------+-------------+-----
Invocations    | 1 |  1.4
Short Blades   | 1 |  1.2
Long Blades    | 1 |  1.2
Axes           | 1 |  1.2
Maces & Flails | 1 |  1.2
Polearms       | 1 |  1.2
Staves         | 1 |  1.2
Slings         | 1 |  1.2
Crossbows      | 1 |  1.2
Throwing       | 1 |  1.2
Armour         | 1 |  1.2
Stealth        | 1 |  1.2
Shields        | 1 |  1.2
Unarmed Combat | 1 |  1.2
Evocations     | 1 |  1.2
Spellcasting   | 3 |  3.0
Conjurations   | 1 |  1.0
Summonings     | 1 |  1.0
Necromancy     | 1 |  1.0
Translocations | 1 |  1.0
Transmutations | 1 |  1.0
Fire Magic     | 1 |  1.0
Ice Magic      | 1 |  1.0
Air Magic      | 1 |  1.0
Earth Magic    | 1 |  1.0
Poison Magic   | 1 |  1.0
Fighting       | |  2.8
Bows           | |  4.7
Dodging        | |  4.7
Hexes          | |  5.5

Action                   |  1- 3 |  4- 6 || total
-------------------------+-------+-------++-------
Melee: Dagger            |       |     4 ||     4
       Bite              |       |     1 ||     1
 Fire: Shortbow          |    85 |    53 ||   138
 Cast: Corona            |    42 |    11 ||    53
  Use: Scroll            |    10 |       ||    10
       Potion            |     5 |     4 ||     9
Armor: Robe              |    16 |    22 ||    38
Dodge: Dodged            |    15 |   116 ||   131

Table legend: (Time is in decaauts)
 A = Elapsed time spent in this place.
 B = Non-inter-level travel time spent in this place.
 C = Inter-level travel time spent in this place.
 D = Time resting spent in this place.
 E = Time spent auto-exploring this place.
 F = Levels seen in this place.
 G = Mean time per level.
                   A        B        C        D        E       F      G
               +--------+--------+--------+--------+--------+-----+--------+
         Total |   3284 |   3284 |      0 |      0 |   2150 |   4 |  821.0 |
       Dungeon |   3284 |   3284 |      0 |      0 |   2150 |   4 |  821.0 |
               +--------+--------+--------+--------+--------+-----+--------+

Top non-repeatable levels by time:
     D:3: 1050 daAuts
     D:1: 906 daAuts
     D:2: 832 daAuts
     D:4: 495 daAuts
